[ AOE2 MATCH · #479328126 ]
Team RMGoths vs Lithuanians
[ REPLAY ANALYSIS · EXTRACTED FROM THE RECORDED GAME ]
Feudal
12:22
Castle
16:07
Imperial
33:54
| APM avg | 16.2 |
| APM peak | 30 |
| eAPM avg | 10.6 |
| Villagers / military | 116 / 226 |
Focus
⚔️ 29.7% · 🌾 70.3%
Spearman ×146 · Huskarl ×65 · Bombard Cannon ×12 · Trebuchet (Packed) ×2 · Monk ×1
Feudal
—
Castle
—
Imperial
—
| APM avg | 15.5 |
| APM peak | 44 |
| eAPM avg | 10.2 |
| Villagers / military | 114 / 73 |
Focus
⚔️ 23.3% · 🌾 76.7%
Knight ×57 · Battering Ram ×7 · Monk ×6 · Trebuchet (Packed) ×3
Feudal
11:21
Castle
21:01
Imperial
—
| APM avg | 15.4 |
| APM peak | 36 |
| eAPM avg | 13.7 |
| Villagers / military | 106 / 164 |
Focus
⚔️ 39.3% · 🌾 60.7%
Spearman ×110 · Obuch ×19 · Knight ×15 · Battering Ram ×9 · Mangonel ×5 · Scout Cavalry ×4
Feudal
12:54
Castle
17:54
Imperial
46:54
| APM avg | 14.1 |
| APM peak | 39 |
| eAPM avg | 11.5 |
| Villagers / military | 120 / 91 |
Focus
⚔️ 26.9% · 🌾 73.1%
Knight ×32 · Skirmisher ×27 · Scorpion ×23 · Mangonel ×4 · Scout Cavalry ×4 · Battering Ram ×1
Match map
Initial resources + every placement click. Lines = walls · curves = elevation contours. ◆ gold · ⬟ stone · ● berries · ✦ relic · ◌ wall gap
Your base· Open — 4t gap
Khaki Harbor's base· Open — unwalled flank
gastondalf's base· ✓ Closed at 21:01 · 5t walls · 7 gate(s)
brandoncho17's base· Open — unwalled flank
Smoothed initial terrain · ◌ = detected wall gap · hover for details
Inputs per minute
— Fernando Rueda - - Khaki Harbor
Build order — Fernando Rueda
First 150 of 326 actions detected
| 0:02 | Build | House |
| 0:02 | Create | Villager (Male) |
| 0:03 | Create | Villager (Male) |
| 0:03 | Create | Villager (Male) |
| 0:20 | Create | Villager (Male) |
| 1:57 | Create | Villager (Male) |
| 2:09 | Research | Loom |
| 2:19 | Build | House |
| 2:29 | Create | Villager (Male) |
| 2:50 | Create | Villager (Male) |
| 3:20 | Create | Villager (Male) |
| 3:35 | Build | Lumber Camp |
| 3:46 | Create | Villager (Male) |
| 4:21 | Create | Villager (Male) |
| 4:30 | Build | House |
| 4:52 | Build | House |
| 5:06 | Build | Mining Camp |
| 5:17 | Create | Villager (Male) |
| 5:45 | Create | Villager (Male) |
| 6:07 | Build | Mill |
| 6:16 | Create | Villager (Male) |
| 6:40 | Create | Villager (Male) |
| 7:30 | Create | Villager (Male) |
| 8:06 | Create | Villager (Male) |
| 8:22 | Create | Villager (Male) |
| 8:36 | Create | Villager (Male) |
| 9:03 | Build | Mill |
| 9:38 | Create | Villager (Male) |
| 9:53 | Build | House |
| 10:12 | Research | Feudal Age |
| 11:45 | Create | Villager (Male) |
| 11:45 | Create | Villager (Male) |
| 12:22 | Age | Feudal Age |
| 12:27 | Build | Market |
| 12:32 | Build | Blacksmith |
| 13:27 | Research | Castle Age |
| 13:38 | Build | Mining Camp |
| 14:05 | Create | Villager (Male) |
| 14:15 | Build | Barracks |
| 14:49 | Research | Double-Bit Axe |
| 15:10 | Create | Villager (Male) |
| 15:43 | Build | House |
| 15:46 | Create | Villager (Male) |
| 15:52 | Research | Horse Collar |
| 16:04 | Research | Wheelbarrow |
| 16:07 | Age | Castle Age |
| 16:09 | Build | House |
| 16:45 | Build | Town Center |
| 16:51 | Create | Villager (Male) |
| 17:00 | Build | House |
| 17:02 | Build | House |
| 17:04 | Build | House |
| 17:06 | Create | Villager (Male) |
| 17:09 | Create | Villager (Male) |
| 17:47 | Build | House |
| 17:52 | Create | Villager (Male) |
| 17:53 | Create | Villager (Male) |
| 18:10 | Build | House |
| 18:11 | Build | House |
| 18:13 | Build | House |
| 18:44 | Build | Lumber Camp |
| 19:06 | Build | Farm |
| 19:22 | Build | House |
| 19:27 | Build | Farm |
| 19:44 | Create | Villager (Male) |
| 19:45 | Create | Villager (Male) |
| 19:51 | Build | Farm |
| 20:18 | Build | Castle |
| 20:30 | Create | Spearman |
| 20:30 | Create | Spearman |
| 21:02 | Create | Villager (Male) |
| 21:14 | Build | Farm |
| 21:19 | Build | Farm |
| 21:34 | Create | Spearman |
| 21:52 | Build | Town Center |
| 22:04 | Build | Farm |
| 22:10 | Create | Villager (Male) |
| 22:29 | Create | Villager (Male) |
| 22:31 | Build | Farm |
| 22:56 | Build | Farm |
| 22:58 | Build | Farm |
| 22:58 | Create | Villager (Male) |
| 23:04 | Build | Farm |
| 23:09 | Build | Farm |
| 23:17 | Build | Farm |
| 23:19 | Create | Villager (Male) |
| 23:32 | Create | Spearman |
| 23:36 | Build | Farm |
| 23:52 | Create | Villager (Male) |
| 23:54 | Create | Villager (Male) |
| 24:01 | Build | Farm |
| 24:08 | Build | Farm |
| 24:15 | Build | Farm |
| 24:20 | Create | Villager (Male) |
| 24:28 | Build | Town Center |
| 24:29 | Create | Villager (Male) |
| 24:29 | Create | Villager (Male) |
| 24:32 | Build | Farm |
| 24:40 | Create | Villager (Male) |
| 24:50 | Create | Villager (Male) |
| 24:55 | Build | Farm |
| 24:55 | Create | Villager (Male) |
| 25:05 | Build | Farm |
| 25:05 | Create | Villager (Male) |
| 25:08 | Build | Farm |
| 25:23 | Create | Villager (Male) |
| 25:26 | Build | Farm |
| 25:29 | Build | Farm |
| 25:30 | Create | Villager (Male) |
| 25:30 | Create | Villager (Male) |
| 25:35 | Create | Villager (Male) |
| 25:37 | Build | Farm |
| 25:48 | Create | Villager (Male) |
| 25:55 | Build | Farm |
| 25:55 | Create | Villager (Male) |
| 26:02 | Create | Villager (Male) |
| 26:05 | Build | Farm |
| 26:13 | Research | Heavy Plow |
| 26:31 | Create | Villager (Male) |
| 26:31 | Create | Villager (Male) |
| 26:38 | Build | Farm |
| 26:44 | Build | Farm |
| 26:51 | Research | Bow Saw |
| 26:52 | Create | Villager (Male) |
| 26:53 | Create | Villager (Male) |
| 27:04 | Build | Farm |
| 27:05 | Create | Villager (Male) |
| 27:21 | Create | Villager (Male) |
| 27:41 | Research | Hand Cart |
| 27:44 | Create | Villager (Male) |
| 27:44 | Create | Villager (Male) |
| 27:47 | Build | Farm |
| 27:49 | Create | Villager (Male) |
| 27:50 | Create | Villager (Male) |
| 27:59 | Create | Villager (Male) |
| 27:59 | Create | Villager (Male) |
| 28:03 | Create | Villager (Male) |
| 28:19 | Research | Gold Mining |
| 28:23 | Build | Farm |
| 28:33 | Build | Farm |
| 28:58 | Create | Villager (Male) |
| 28:58 | Create | Villager (Male) |
| 29:01 | Build | Farm |
| 29:09 | Build | Town Center |
| 29:15 | Create | Villager (Male) |
| 29:16 | Create | Villager (Male) |
| 29:17 | Create | Villager (Male) |
| 29:19 | Build | Farm |
| 30:01 | Research | Pikeman (upgrade) |
| 30:02 | Research | Squires |
Build order — Khaki Harbor
First 150 of 326 actions detected
| 0:02 | Create | Villager (Male) |
| 0:02 | Create | Villager (Male) |
| 0:03 | Create | Villager (Male) |
| 0:05 | Build | House |
| 0:07 | Build | House |
| 1:04 | Create | Villager (Male) |
| 1:05 | Create | Villager (Male) |
| 1:05 | Create | Villager (Male) |
| 1:54 | Build | Lumber Camp |
| 2:35 | Create | Villager (Male) |
| 2:35 | Create | Villager (Male) |
| 2:35 | Create | Villager (Male) |
| 3:03 | Create | Villager (Male) |
| 3:37 | Build | Lumber Camp |
| 3:55 | Build | House |
| 4:03 | Build | Mill |
| 4:07 | Create | Villager (Male) |
| 4:07 | Create | Villager (Male) |
| 4:45 | Create | Villager (Male) |
| 4:46 | Create | Villager (Male) |
| 4:46 | Create | Villager (Male) |
| 4:52 | Create | Villager (Male) |
| 5:26 | Build | House |
| 6:21 | Build | Lumber Camp |
| 6:25 | Create | Villager (Male) |
| 6:25 | Create | Villager (Male) |
| 6:25 | Create | Villager (Male) |
| 7:29 | Create | Villager (Male) |
| 7:30 | Create | Villager (Male) |
| 7:34 | Research | Loom |
| 7:48 | Build | Mining Camp |
| 8:00 | Research | Feudal Age |
| 9:05 | Build | House |
| 9:44 | Build | Mill |
| 10:26 | Create | Villager (Male) |
| 10:26 | Create | Villager (Male) |
| 10:26 | Create | Villager (Male) |
| 10:46 | Build | House |
| 10:54 | Build | Barracks |
| 11:27 | Build | Blacksmith |
| 12:20 | Build | Stable |
| 12:32 | Create | Villager (Male) |
| 12:33 | Create | Villager (Male) |
| 12:40 | Build | Farm |
| 12:55 | Build | Farm |
| 13:22 | Build | Farm |
| 13:32 | Research | Castle Age |
| 13:56 | Build | Farm |
| 14:01 | Research | Double-Bit Axe |
| 14:47 | Build | Farm |
| 15:04 | Build | Stable |
| 15:11 | Build | House |
| 15:19 | Build | Farm |
| 15:24 | Build | Farm |
| 15:49 | Build | Farm |
| 15:57 | Build | Farm |
| 16:06 | Build | Farm |
| 16:17 | Create | Knight |
| 16:17 | Create | Knight |
| 16:18 | Create | Knight |
| 16:18 | Create | Knight |
| 16:18 | Create | Knight |
| 16:25 | Create | Villager (Male) |
| 16:26 | Create | Villager (Male) |
| 16:26 | Create | Villager (Male) |
| 16:26 | Create | Villager (Male) |
| 16:34 | Build | Farm |
| 16:41 | Build | Farm |
| 16:54 | Create | Knight |
| 16:54 | Create | Knight |
| 16:54 | Create | Knight |
| 17:01 | Build | Farm |
| 17:05 | Create | Knight |
| 17:05 | Create | Knight |
| 17:13 | Create | Knight |
| 17:16 | Create | Villager (Male) |
| 17:20 | Build | Farm |
| 17:23 | Build | Farm |
| 17:39 | Create | Villager (Male) |
| 17:39 | Create | Villager (Male) |
| 17:47 | Build | Farm |
| 17:56 | Create | Villager (Male) |
| 18:27 | Build | Monastery |
| 18:30 | Create | Villager (Male) |
| 18:43 | Build | House |
| 18:50 | Build | House |
| 18:55 | Research | Wheelbarrow |
| 19:09 | Create | Villager (Male) |
| 19:09 | Create | Villager (Male) |
| 19:09 | Create | Villager (Male) |
| 19:12 | Create | Knight |
| 19:12 | Create | Knight |
| 19:12 | Create | Knight |
| 19:27 | Create | Monk |
| 19:27 | Create | Monk |
| 19:44 | Research | Scale Mail Armor |
| 20:17 | Create | Villager (Male) |
| 20:17 | Create | Villager (Male) |
| 20:42 | Build | Farm |
| 20:53 | Build | Town Center |
| 21:14 | Build | Farm |
| 21:33 | Build | House |
| 21:35 | Build | House |
| 21:38 | Build | House |
| 21:39 | Build | House |
| 22:32 | Create | Villager (Male) |
| 22:33 | Create | Villager (Male) |
| 22:33 | Create | Villager (Male) |
| 22:33 | Create | Villager (Male) |
| 22:34 | Create | Villager (Male) |
| 22:34 | Create | Villager (Male) |
| 22:34 | Create | Villager (Male) |
| 22:57 | Build | Siege Workshop |
| 23:09 | Create | Villager (Male) |
| 23:10 | Create | Villager (Male) |
| 23:10 | Create | Villager (Male) |
| 23:10 | Create | Villager (Male) |
| 23:10 | Create | Villager (Male) |
| 23:20 | Create | Knight |
| 23:21 | Create | Knight |
| 23:21 | Create | Knight |
| 23:21 | Create | Knight |
| 23:21 | Create | Knight |
| 23:22 | Create | Knight |
| 23:22 | Create | Knight |
| 23:22 | Create | Knight |
| 23:23 | Create | Knight |
| 24:10 | Research | Scale Barding Armor |
| 24:16 | Research | Forging |
| 24:25 | Build | Farm |
| 24:27 | Research | Bow Saw |
| 24:47 | Create | Monk |
| 24:53 | Build | Farm |
| 25:00 | Build | Farm |
| 25:22 | Build | Farm |
| 25:36 | Build | House |
| 25:37 | Build | House |
| 25:38 | Build | House |
| 25:39 | Build | House |
| 25:39 | Build | House |
| 25:50 | Create | Villager (Male) |
| 25:50 | Create | Villager (Male) |
| 25:50 | Create | Villager (Male) |
| 25:51 | Create | Villager (Male) |
| 25:51 | Create | Villager (Male) |
| 25:51 | Create | Villager (Male) |
| 25:52 | Create | Villager (Male) |
| 26:09 | Build | Farm |
| 26:14 | Build | Farm |
| 27:01 | Create | Battering Ram |
Build order — gastondalf
First 150 of 414 actions detected
| 0:01 | Research | Loom |
| 0:02 | Create | Villager (Male) |
| 0:02 | Create | Villager (Male) |
| 0:02 | Create | Villager (Male) |
| 0:02 | Create | Villager (Male) |
| 0:07 | Build | House |
| 0:08 | Build | House |
| 0:12 | Build | House |
| 1:48 | Build | Lumber Camp |
| 1:52 | Create | Villager (Male) |
| 2:29 | Create | Villager (Male) |
| 2:51 | Create | Villager (Male) |
| 3:19 | Create | Villager (Male) |
| 3:29 | Build | Mill |
| 3:47 | Create | Villager (Male) |
| 3:58 | Build | House |
| 4:30 | Create | Villager (Male) |
| 4:56 | Create | Villager (Male) |
| 5:19 | Create | Villager (Male) |
| 5:42 | Create | Villager (Male) |
| 6:10 | Create | Villager (Male) |
| 6:36 | Create | Villager (Male) |
| 6:40 | Build | Mining Camp |
| 6:48 | Build | Mining Camp |
| 6:57 | Create | Villager (Male) |
| 7:09 | Create | Villager (Male) |
| 7:34 | Build | Mining Camp |
| 7:59 | Create | Villager (Male) |
| 8:03 | Build | House |
| 8:29 | Create | Villager (Male) |
| 9:11 | Research | Feudal Age |
| 9:19 | Build | Barracks |
| 9:59 | Build | Palisade Gate |
| 10:22 | Build | Palisade Wall |
| 10:23 | Build | Palisade Gate |
| 10:52 | Build | Mill |
| 11:21 | Age | Feudal Age |
| 11:26 | Build | Mill |
| 11:44 | Create | Villager (Male) |
| 11:47 | Create | Spearman |
| 12:09 | Create | Spearman |
| 12:13 | Create | Villager (Male) |
| 12:21 | Research | Horse Collar |
| 12:24 | Research | Double-Bit Axe |
| 12:40 | Create | Villager (Male) |
| 12:45 | Build | Stable |
| 13:08 | Create | Villager (Male) |
| 13:23 | Build | Gate |
| 13:32 | Create | Spearman |
| 13:32 | Create | Spearman |
| 13:36 | Create | Villager (Male) |
| 13:58 | Create | Spearman |
| 13:58 | Create | Spearman |
| 14:13 | Build | Archery Range |
| 14:20 | Build | Farm |
| 14:22 | Create | Villager (Male) |
| 14:48 | Create | Villager (Male) |
| 14:53 | Build | Farm |
| 15:01 | Create | Spearman |
| 15:25 | Build | Blacksmith |
| 15:52 | Build | Gate |
| 15:56 | Create | Villager (Male) |
| 16:12 | Build | Market |
| 16:39 | Build | Farm |
| 16:40 | Create | Villager (Male) |
| 17:04 | Build | House |
| 17:19 | Build | Gate |
| 17:21 | Build | Stone Wall |
| 17:32 | Build | Farm |
| 17:34 | Create | Villager (Male) |
| 18:03 | Create | Archer |
| 18:21 | Research | Castle Age |
| 18:28 | Build | Stable |
| 18:38 | Create | Archer |
| 18:49 | Research | Scale Mail Armor |
| 19:02 | Build | Farm |
| 19:03 | Build | Farm |
| 19:04 | Build | Farm |
| 19:05 | Build | Farm |
| 19:17 | Build | House |
| 19:30 | Research | Fletching |
| 19:33 | Research | Arson |
| 19:40 | Research | Scale Barding Armor |
| 19:51 | Build | Stable |
| 20:00 | Build | Barracks |
| 20:03 | Build | House |
| 20:18 | Build | Farm |
| 20:19 | Build | Farm |
| 20:21 | Build | Farm |
| 20:22 | Build | Farm |
| 20:28 | Build | Farm |
| 20:45 | Build | Farm |
| 21:01 | Age | Castle Age |
| 21:05 | Build | House |
| 21:06 | Build | House |
| 21:07 | Build | House |
| 21:08 | Build | House |
| 21:14 | Create | Villager (Male) |
| 21:15 | Research | Town Watch |
| 21:41 | Research | Bow Saw |
| 21:42 | Create | Villager (Male) |
| 22:09 | Research | Wheelbarrow |
| 22:34 | Create | Villager (Male) |
| 22:50 | Build | Castle |
| 22:56 | Research | Pikeman (upgrade) |
| 22:57 | Research | Squires |
| 22:57 | Create | Spearman |
| 22:58 | Create | Spearman |
| 22:58 | Create | Spearman |
| 22:58 | Create | Spearman |
| 22:59 | Create | Spearman |
| 22:59 | Create | Spearman |
| 22:59 | Create | Spearman |
| 23:13 | Build | House |
| 23:14 | Build | House |
| 23:16 | Build | House |
| 23:31 | Create | Spearman |
| 23:31 | Create | Spearman |
| 23:36 | Create | Spearman |
| 23:36 | Create | Spearman |
| 23:43 | Create | Villager (Male) |
| 24:05 | Create | Spearman |
| 24:06 | Create | Spearman |
| 24:21 | Build | Siege Workshop |
| 24:29 | Research | Forging |
| 24:52 | Build | House |
| 24:54 | Build | House |
| 24:55 | Build | House |
| 25:06 | Create | Spearman |
| 25:06 | Create | Spearman |
| 25:11 | Research | Padded Archer Armor |
| 25:27 | Create | Villager (Male) |
| 25:33 | Build | Town Center |
| 25:50 | Create | Obuch |
| 25:51 | Create | Obuch |
| 26:02 | Research | Heavy Plow |
| 26:10 | Create | Villager (Male) |
| 26:10 | Create | Villager (Male) |
| 26:24 | Create | Obuch |
| 26:24 | Create | Obuch |
| 26:38 | Build | Mining Camp |
| 26:40 | Create | Obuch |
| 26:48 | Build | House |
| 26:49 | Build | House |
| 26:50 | Build | House |
| 26:54 | Build | House |
| 27:01 | Build | Farm |
| 27:03 | Create | Villager (Male) |
| 27:03 | Create | Villager (Male) |
| 27:13 | Create | Villager (Male) |
Build order — brandoncho17
First 150 of 372 actions detected
| 0:09 | Create | Villager (Male) |
| 0:09 | Create | Villager (Male) |
| 0:09 | Create | Villager (Male) |
| 0:09 | Create | Villager (Male) |
| 0:22 | Build | House |
| 0:25 | Build | House |
| 0:26 | Build | House |
| 2:00 | Create | Villager (Male) |
| 3:11 | Create | Villager (Male) |
| 3:12 | Create | Villager (Male) |
| 3:12 | Create | Villager (Male) |
| 3:37 | Build | Lumber Camp |
| 4:50 | Create | Villager (Male) |
| 4:51 | Create | Villager (Male) |
| 4:51 | Create | Villager (Male) |
| 5:25 | Create | Villager (Male) |
| 5:25 | Create | Villager (Male) |
| 5:39 | Build | Mill |
| 5:57 | Create | Villager (Male) |
| 6:04 | Build | House |
| 6:21 | Create | Villager (Male) |
| 6:22 | Create | Villager (Male) |
| 6:22 | Create | Villager (Male) |
| 7:48 | Create | Villager (Male) |
| 7:48 | Create | Villager (Male) |
| 7:49 | Create | Villager (Male) |
| 7:49 | Create | Villager (Male) |
| 7:49 | Create | Villager (Male) |
| 7:49 | Create | Villager (Male) |
| 9:38 | Build | Mining Camp |
| 10:09 | Build | Farm |
| 10:25 | Build | Farm |
| 10:27 | Build | Farm |
| 10:44 | Research | Feudal Age |
| 10:48 | Create | Villager (Male) |
| 10:51 | Create | Villager (Male) |
| 11:10 | Build | Mining Camp |
| 11:55 | Build | Farm |
| 12:54 | Age | Feudal Age |
| 13:01 | Build | Blacksmith |
| 13:08 | Build | Market |
| 13:13 | Research | Town Watch |
| 13:19 | Create | Villager (Male) |
| 13:49 | Build | Farm |
| 15:08 | Build | Farm |
| 15:14 | Research | Castle Age |
| 15:22 | Build | House |
| 15:27 | Build | House |
| 15:28 | Build | House |
| 15:33 | Build | House |
| 15:37 | Build | House |
| 16:34 | Build | House |
| 16:35 | Build | House |
| 16:37 | Build | House |
| 16:44 | Build | House |
| 16:52 | Create | Villager (Male) |
| 16:53 | Create | Villager (Male) |
| 17:06 | Research | Double-Bit Axe |
| 17:18 | Build | Farm |
| 17:20 | Build | Farm |
| 17:54 | Age | Castle Age |
| 18:06 | Build | Town Center |
| 18:58 | Build | Town Center |
| 19:06 | Research | Wheelbarrow |
| 19:12 | Research | Bow Saw |
| 20:08 | Build | Barracks |
| 20:14 | Create | Villager (Male) |
| 20:14 | Create | Villager (Male) |
| 20:15 | Create | Villager (Male) |
| 20:25 | Create | Villager (Male) |
| 20:25 | Create | Villager (Male) |
| 20:53 | Create | Villager (Male) |
| 21:01 | Build | Farm |
| 21:03 | Build | Farm |
| 21:08 | Create | Villager (Male) |
| 21:09 | Create | Villager (Male) |
| 21:15 | Research | Gold Mining |
| 21:46 | Create | Villager (Male) |
| 21:49 | Create | Villager (Male) |
| 22:08 | Build | Stable |
| 22:19 | Build | House |
| 22:26 | Create | Villager (Male) |
| 22:27 | Create | Villager (Male) |
| 22:27 | Create | Villager (Male) |
| 22:37 | Build | Farm |
| 22:55 | Research | Stone Mining |
| 23:10 | Build | Farm |
| 23:29 | Create | Knight |
| 23:29 | Create | Knight |
| 23:30 | Create | Knight |
| 23:53 | Build | Siege Workshop |
| 24:06 | Build | Stable |
| 24:16 | Create | Knight |
| 24:18 | Create | Knight |
| 24:22 | Create | Villager (Male) |
| 24:22 | Create | Villager (Male) |
| 24:22 | Create | Villager (Male) |
| 25:06 | Create | Knight |
| 25:07 | Create | Knight |
| 25:07 | Create | Knight |
| 25:11 | Create | Villager (Male) |
| 25:17 | Build | Farm |
| 25:19 | Build | Farm |
| 25:19 | Build | Farm |
| 25:19 | Build | Farm |
| 25:19 | Build | Farm |
| 25:19 | Build | Farm |
| 25:28 | Create | Villager (Male) |
| 25:29 | Create | Villager (Male) |
| 25:57 | Build | Farm |
| 25:59 | Build | Farm |
| 26:00 | Build | Farm |
| 26:00 | Build | Farm |
| 26:01 | Build | Farm |
| 26:01 | Build | Farm |
| 26:01 | Build | Farm |
| 26:16 | Create | Villager (Male) |
| 26:17 | Create | Villager (Male) |
| 26:18 | Create | Villager (Male) |
| 26:44 | Create | Battering Ram |
| 26:51 | Create | Knight |
| 27:19 | Create | Mangonel |
| 27:53 | Build | Archery Range |
| 28:52 | Create | Mangonel |
| 28:56 | Create | Villager (Male) |
| 28:56 | Create | Villager (Male) |
| 28:56 | Create | Villager (Male) |
| 28:57 | Create | Villager (Male) |
| 28:57 | Create | Villager (Male) |
| 28:57 | Create | Villager (Male) |
| 28:58 | Create | Villager (Male) |
| 28:58 | Create | Villager (Male) |
| 28:59 | Create | Villager (Male) |
| 28:59 | Create | Villager (Male) |
| 29:01 | Create | Villager (Male) |
| 29:02 | Create | Villager (Male) |
| 29:09 | Create | Mangonel |
| 29:28 | Create | Villager (Male) |
| 29:28 | Create | Villager (Male) |
| 29:29 | Create | Villager (Male) |
| 29:29 | Create | Villager (Male) |
| 29:29 | Create | Villager (Male) |
| 29:30 | Create | Villager (Male) |
| 29:56 | Research | Elite Skirmisher (upgrade) |
| 29:57 | Create | Skirmisher |
| 29:57 | Create | Skirmisher |
| 29:57 | Create | Skirmisher |
| 29:58 | Create | Skirmisher |
| 29:58 | Create | Skirmisher |
| 30:10 | Build | Farm |
Match timeline
| 9:19 | gastondalf · first_building Barracks |
| 10:22 | gastondalf · wall_segment Palisade Wall x4 |
| 10:54 | Khaki Harbor · first_building Barracks |
| 11:21 | gastondalf · age_up feudal |
| 12:20 | Khaki Harbor · first_building Stable |
| 12:22 | Fernando Rueda · age_up feudal |
| 12:45 | gastondalf · first_building Stable |
| 12:54 | brandoncho17 · age_up feudal |
| 14:13 | gastondalf · first_building Archery Range |
| 14:15 | Fernando Rueda · first_building Barracks |
| 16:07 | Fernando Rueda · age_up castle |
| 17:21 | gastondalf · wall_segment Stone Wall x1 |
| 17:54 | brandoncho17 · age_up castle |
| 18:27 | Khaki Harbor · first_building Monastery |
| 19:41 | Fernando Rueda · first_market_sell 100 wood |
| 19:42 | Fernando Rueda · first_market_buy 100 food |
| 20:08 | brandoncho17 · first_building Barracks |
| 20:18 | Fernando Rueda · first_building Castle |
| 21:01 | gastondalf · age_up castle |
| 22:08 | brandoncho17 · first_building Stable |
| 22:50 | gastondalf · first_building Castle |
| 22:57 | Khaki Harbor · first_building Siege Workshop |
| 23:53 | brandoncho17 · first_building Siege Workshop |
| 24:21 | gastondalf · first_building Siege Workshop |
| 27:53 | brandoncho17 · first_building Archery Range |
| 33:00 | brandoncho17 · first_building Castle |
| 33:54 | Fernando Rueda · age_up imperial |
| 35:31 | Khaki Harbor · first_building Castle |
| 40:08 | Fernando Rueda · first_building Monastery |
| 44:26 | gastondalf · first_building Monastery |
| 46:54 | brandoncho17 · age_up imperial |
| 47:18 | gastondalf · first_market_sell 100 wood |
| 48:02 | Fernando Rueda · first_building Siege Workshop |
| 51:56 | brandoncho17 · resign |
[ AI ANALYSIS · 1 CREDIT ]
What really happened in this match?
Wolo.gg analyzes every decision: build order, eco, micro, common mistakes by bracket. Personalized analysis on WhatsApp or Discord in 30 seconds.
Civ guide
Goths
Map guide
Fortified Clearing
Perfil
Jugador #2161363